 Dungeon Crawl Stone Soup version 0.31-a0-237-g2d982f9f85 (webtiles) character file.

Game seed: 8289248707367708854

255 qw the Shooter (level 6, -7/37 HPs)
             Began as a Gargoyle Hexslinger on July 10, 2023.
             Mangled by an ogre
             ... wielding a +0 giant spiked club
              (26 damage)
             ... on level 4 of the Dungeon.
             The game lasted 00:01:06 (2764 turns).

qw the Shooter (Gargoyle Hexslinger)                Turns: 2764, Time: 00:01:06

Health: -7/37      AC: 10    Str: 11    XL:     6   Next: 15%
Magic:  7/7        EV: 10    Int: 14    God:
Gold:   154        SH:  0    Dex: 14    Spells: 6/7 levels left

rFire   . . .        e - +0 arbalest
rCold   . . .        (shield currently unavailable)
rNeg    + . .        i - +0 ring mail
rPois   inf          (no helmet)
rElec   +            g - +0 cloak
rCorr   .            (no gloves)
SInv    .            (no boots)
Will    .....        (no amulet)
Stlth   +            (no ring)
HPRegen 0.26/turn    (no ring)
MPRegen 0.10/turn

%: no passive effects
@: no status effects
A: sickness immunity, AC +4, negative energy resistance 1, electricity
resistance, torment resistance 1, petrification resistance
a: no special abilities


You were on level 4 of the Dungeon.
You visited 1 branch of the dungeon, and saw 4 of its levels.

You collected 154 gold pieces.


Innate Abilities, Weirdness & Mutations

You are immune to sickness and miasma.
Your stone body is resilient. (AC +4)
You are immune to poison.
You resist negative energy. (rN+)
You are resistant to electric shocks. (rElec)
You are resistant to unholy torment.
You are immune to petrification.


   Skills:
 - Level 3.4 Fighting
 + Level 5.1 Ranged Weapons
 - Level 1.6 Armour
 - Level 1.5 Dodging
 - Level 1.0 Spellcasting
 - Level 2.6 Hexes


You had 6 spell levels left.
You knew the following spells:

 Your Spells              Type           Power      Damage    Failure   Level
a - Slow                  Hex            32%        N/A       21%         1

Your spell library contained the following spells:

 Spells                   Type           Power      Damage    Failure   Level
 Inner Flame              Hex/Fire       4%         N/A       71%         3
 Portal Projectile        Hex/Tloc       8%         N/A       71%         3
 Cause Fear               Hex            4%         N/A       90%         4

Inventory:

Hand Weapons
 e - a +0 arbalest (weapon)
Armour
 g - a +0 cloak (worn)
 i - a +0 ring mail (worn)
Scrolls
 b - a scroll of teleportation
 c - a scroll of identify
Potions
 d - a potion of might {unknown}
 h - a potion of brilliance {unknown}

Dungeon Overview and Level Annotations

Branches:
Dungeon (4/15)
 Temple: D:4-7

Altars:
The Shining One


Message History

Enter note:
Enter note:
Enter note:
Found a plate armour.
You hear the quick rusting of a very distant drain.
Enter note:
Enter note:
Enter note: You see here a +0 plate armour.
You hear the quick rusting of a very distant drain.
An ogre comes into view. It is wielding a +0 giant spiked club.
The ogre shouts!
Enter note:
Enter note:
Enter note: You shoot a bolt.
The bolt hits the ogre.
The ogre is lightly wounded.
You shoot a bolt. The bolt hits the ogre.
The ogre is moderately wounded.
You shoot a bolt. The bolt hits the ogre!
The ogre is heavily wounded.
You shoot a bolt. The bolt barely misses the ogre.
The ogre hits you with a +0 giant spiked club!
The ogre closely misses you.
You shoot a bolt. The bolt barely misses the ogre.
The ogre hits you with a +0 giant spiked club!
You shoot a bolt. The bolt hits the ogre.
The ogre is severely wounded.
The ogre barely misses you.
You shoot a bolt. The bolt hits the ogre!
The ogre is almost dead.
The ogre hits you but does no damage.
You shoot a bolt.
The bolt hits the ogre but does no damage.
The ogre is almost dead.
The ogre misses you.
You shoot a bolt. The bolt barely misses the ogre.
The ogre hits you with a +0 giant spiked club!!
Ouch! That really hurt!
You die...

<..
#.#.########.##
#.#...........#
#.#############
#.........#
#########.# #.#
#.# #########.#
......O@..#
###########


You could see an ogre.

Vanquished Creatures
  A centaur (D:3)
  A scorpion (D:4)
  An iguana (D:3)
  2 adders
  2 worms (D:2)
  2 dart slugs
  An orc (D:3)
  5 ball pythons
  2 bats
  5 endoplasms
  2 giant cockroaches
  7 goblins
  3 hobgoblins
  10 jackals
  A quokka (D:1)
  3 frilled lizards
  8 kobolds
  A rat (D:3)
57 creatures vanquished.

Notes
Turn   | Place    | Note
-------+----------+-------------------------------------------
     0 | D:1      | qw the Gargoyle Hexslinger began the quest for the Orb.
     0 | D:1      | Reached XP level 1. HP: 12/12 MP: 2/2
     0 | D:1      | 0 ||| qw: Version: 0.3-a-52-g30416fa
     0 | D:1      | 0 ||| qw: Game counter: 5382
     0 | D:1      | 0 ||| qw: Melee chars always use a shield: true
     0 | D:1      | 0 ||| qw: God list: Okawaru
     0 | D:1      | 0 ||| qw: Allow faded altars: false
     0 | D:1      | 0 ||| qw: Do Orc after clearing Dungeon:15 true
     0 | D:1      | 0 ||| qw: Do second Lair branch before Depths: true
     0 | D:1      | 0 ||| qw: Lair rune preference: random
     0 | D:1      | 0 ||| qw: Goals: Normal
     0 | D:1      | 0 ||| PLANNING D:1-11
   245 | D:1      | Reached XP level 2. HP: 16/16 MP: 3/3
   434 | D:1      | Found a faded altar of an unknown god.
   437 | D:1      | 437 ||| UPGRADING to +0 leather armour.
   443 | D:1      | Reached skill level 3 in Ranged Weapons
   477 | D:1      | 477 ||| UPGRADING to +0 leather armour.
   487 | D:1      | 487 ||| DROPPING +0 robe.
   595 | D:1      | Reached XP level 3. HP: 21/21 MP: 4/4
   932 | D:1      | 932 ||| DROPPING +6 ring of intelligence.
   933 | D:1      | 933 ||| READING scroll labelled IRUPRERIWA.
   934 | D:1      | 934 ||| READING scroll labelled ULUANK FUDOPP.
   935 | D:1      | 935 ||| READING scroll labelled COYFO SEEPYT.
   938 | D:1      | 938 ||| READING scroll labelled ZEHITA WUMPEXIP.
   939 | D:1      | 939 ||| DROPPING scroll of poison.
  1172 | D:2      | Found a glowing golden altar of the Shining One.
  1519 | D:2      | 1519 ||| READING scroll labelled ATEILO GESEATS.
  1520 | D:2      | 1520 ||| READING scroll labelled QIRGHIED NOCETT.
  1521 | D:2      | 1521 ||| READING scroll labelled FUTHAU NONUHICK.
  1522 | D:2      | 1522 ||| DRINKING 2 brown potions.
  1581 | D:3      | Reached XP level 4. HP: 20/26 MP: 5/5
  1686 | D:3      | Reached skill level 4 in Ranged Weapons
  2153 | D:3      | 2153 ||| UPGRADING to +0 cloak.
  2158 | D:3      | 2158 ||| UPGRADING to +0 ring mail.
  2168 | D:3      | 2168 ||| DROPPING +0 leather armour.
  2169 | D:3      | 2169 ||| DRINKING 2 fuming inky potions.
  2224 | D:3      | 2224 ||| READING 2 scrolls of identify.
  2224 | D:3      | 2224 ||| IDENTIFYING fizzy pink potion
  2225 | D:3      | 2225 ||| DROPPING potion of invisibility.
  2226 | D:3      | 2226 ||| DROPPING potion of lignification.
  2254 | D:4      | Noticed a centaur
  2255 | D:4      | 2255 ||| PLANNING SEWER
  2256 | D:4      | Noticed a centaur
  2257 | D:4      | 2257 ||| STAIRDANCE
  2269 | D:4      | 2269 ||| STAIRDANCE
  2271 | D:3      | HP: 5/26 [iguana (4)]
  2272 | D:3      | 2272 ||| READING 2 scrolls of teleportation.
  2273 | D:3      | 2273 ||| DRINKING potion of heal wounds.
  2283 | D:3      | Reached skill level 1 in Armour
  2324 | D:4      | 2324 ||| STAIRDANCE
  2371 | D:4      | 2371 ||| STAIRDANCE
  2375 | D:3      | Killed a centaur
  2376 | D:3      | Reached skill level 5 in Ranged Weapons
  2376 | D:3      | Reached XP level 5. HP: 16/30 MP: 6/6
  2387 | D:3      | HP: 6/30 [centaur (4)]
  2388 | D:3      | 2388 ||| READING scroll of teleportation.
  2539 | D:3      | 2539 ||| SWAPPING to +0 shortbow.
  2540 | D:3      | 2540 ||| DROPPING +2 sling.
  2577 | D:4      | Reached skill level 3 in Fighting
  2577 | D:4      | Reached XP level 6. HP: 32/37 MP: 7/7
  2645 | D:4      | 2645 ||| SWAPPING to +0 arbalest.
  2646 | D:4      | 2646 ||| DROPPING +0 shortbow.
  2764 | D:4      | Mangled by an ogre

Levels and vault maps discovered:
D:1:      lemuel_arrival_river_ford, layout_basic,
          shapermc_ecumenical_altar_notcrosses
D:2:      layout_loops_ring, serial_glass, glass_columns_a, glass_columns_a,
          basic_altar
D:3:      layout_loops_ring
D:4:      layout_basic, cheibrodos_sewer_entry_sluice, amethyst_killhole,
          minmay_manual_mares

Skill      XL: |  1  2  3  4  5 |
---------------+----------------+-----
Ranged Weapons | 3 5 |  5.1
Fighting       | 2 3 |  3.4
Armour         | 1 |  1.6
Dodging        | |  1.5
Spellcasting   | |  1.0
Hexes          | |  2.6

Action                     |  1- 3 |  4- 6 || total
---------------------------+-------+-------++-------
   Fire: Sling             |   141 |    72 ||   213
         Shortbow          |       |    20 ||    20
         Arbalest          |       |     9 ||     9
    Use: Scroll            |     7 |     3 ||    10
         Potion            |     1 |     2 ||     3
 Armour: Robe              |    10 |       ||    10
         Leather armour    |    15 |     3 ||    18
         Ring mail         |       |    64 ||    64
  Dodge: Dodged            |    50 |    69 ||   119

Table legend:
 A = Non-vault XP
 B = Vault XP
 C = Vault XP percentage of total XP
 D = Non-vault monster count
 E = Vault monster count
 F = Vault count percentage of total count
                 A         B        C        D         E       F
            +---------+---------+-------+---------+---------+-------
      Total |     253 |     112 |  30.7 |      56 |       1 |   1.8
            +---------+---------+-------+---------+---------+-------
        D:1 |      39 |       0 |   0.0 |      21 |       0 |   0.0
        D:2 |      33 |       0 |   0.0 |      15 |       0 |   0.0
        D:3 |      78 |     112 |  58.9 |      16 |       1 |   5.9
        D:4 |     103 |       0 |   0.0 |       4 |       0 |   0.0
            +---------+---------+-------+---------+---------+-------
